TOP OF THE 1ST |
University of Southern California Trojans batting - Pitching for Coastal Carolina University Chanticleers : LHP Oscar Moreno
|
Pitching: LHP Oscar Moreno
|
|
Batting: RHB Carlos Livas
|
0-0: Ball 1-0: Swinging Strike 1-1: Ball 2-1: Ball 3-1: Foul Ball, location: 2F 3-2: Base on Balls
|
Batting: LHB Pablo Serrato
|
0-0: Ball 1-0: Ball 2-0: Foul Ball, location: 2F 2-1: Foul Ball, location: 2F 2-2: Ball 3-2: Base on Balls Carlos Livas to second
|
Batting: RHB Jon Solis
|
0-0: Foul Ball, location: 2F 0-1: Ball 1-1: Foul Ball, location: 2F 1-2: Ball 2-2: Ball 3-2: Ground out 6-3 (Groundball, 6, EV 90.0 MPH) Carlos Livas to third Pablo Serrato to second
|
Batting: RHB Arturo Galdamez
|
0-0: Ball 1-0: Foul Ball, location: 2F 1-1: Called Strike 1-2: Ball 2-2: Foul Ball, location: 2F 2-2: Ball 3-2: Base on Balls
|
Batting: LHB Miguel Espinoza
|
0-0: Ball 1-0: Called Strike 1-1: Foul Ball, location: 2F 1-2: Ball 2-2: Fly out, F8 (Flyball, 89D, EV 103.8 MPH) Runner from 3rd tags up, SCORES, throw by CF Pablo Serrato to third
|
Batting: LHB Alex Chairez
|
0-0: Fly out, F9 (Flyball, 9, EV 77.5 MPH)
|
Top of the 1st over - 1 run, 0 hits, 0 errors, 2 left on base; University of Southern California 1 - Coastal Carolina University 0 |
BOTTOM OF THE 1ST |
Coastal Carolina University Chanticleers batting - Pitching for University of Southern California Trojans : LHP Will Creelman
|
Pitching: LHP Will Creelman
|
|
Batting: SHB Gustavo Froio
|
0-0: Foul Ball, location: 2F 0-1: Foul Ball, location: 2F 0-2: Strikes out swinging
|
Batting: RHB Steve Hutchins
|
0-0: Called Strike 0-1: Ball 1-1: Ball 2-1: Ball 3-1: Ground out 4-3 (Groundball, 4, EV 90.0 MPH)
|
Batting: RHB Justin Dunham
|
0-0: Ball 1-0: SINGLE (Line Drive, 8LS, EV 91.9 MPH)
|
Batting: RHB Francisco Cabrera
|
0-0: Ball 1-0: Ball 2-0: Foul Ball, location: 2F 2-1: Foul Ball, location: 2F 2-2: Reached on error, E6 (Groundball, 6, EV 105.6 MPH) Justin Dunham to second
|
Batting: RHB Ed Santibanez
|
0-0: Ground out 6-3 (Groundball, 56, EV 100.6 MPH)
|
Bottom of the 1st over - 0 runs, 1 hit, 1 error, 2 left on base; University of Southern California 1 - Coastal Carolina University 0 |
TOP OF THE 2ND |
University of Southern California Trojans batting - Pitching for Coastal Carolina University Chanticleers : LHP Oscar Moreno
|
Batting: LHB Vinaya Satyavrat
|
0-0: Foul Ball, location: 2F 0-1: Swinging Strike 0-2: Strikes out swinging
|
Batting: RHB Luis Cruz
|
0-0: Swinging Strike 0-1: Ball 1-1: Ball 2-1: Ball 3-1: Base on Balls
|
Batting: RHB Albert Zaragoza
|
0-0: Ball 1-0: Ball 2-0: Called Strike 2-1: Foul Ball, location: 2F 2-2: Strikes out swinging
|
Batting: RHB Carlos Livas
|
0-0: Ball 1-0: Foul Ball, location: 2F 1-1: Swinging Strike 1-2: SINGLE (Groundball, 6MD, EV 95.6 MPH) Luis Cruz to second
|
Batting: LHB Pablo Serrato
|
0-0: Ball 1-0: Called Strike 1-1: Called Strike 1-2: Ball 2-2: Ball 3-2: Base on Balls Luis Cruz to third Carlos Livas to second
|
Batting: RHB Jon Solis
|
0-0: Called Strike 0-1: Foul Ball, location: 2F 0-2: Ball 1-2: Ball 2-2: Ball 3-2: Ground out 1-3 (Groundball, 13S, EV 67.5 MPH)
|
Top of the 2nd over - 0 runs, 1 hit, 0 errors, 3 left on base; University of Southern California 1 - Coastal Carolina University 0 |
BOTTOM OF THE 2ND |
Coastal Carolina University Chanticleers batting - Pitching for University of Southern California Trojans : LHP Will Creelman
|
Batting: RHB Tony Cabrera
|
0-0: SINGLE (Groundball, 6D, EV 95.0 MPH)
|
Batting: SHB Suzunosuke Yamaguchi
|
0-0: Ball 1-0: Ball 2-0: Called Strike 2-1: Reached on error, E5 (Groundball, 56S, EV 85.6 MPH) Tony Cabrera to second
|
Batting: RHB Tony Gastelum
|
0-0: Called Strike 0-1: Called Strike 0-2: Strikes out swinging
|
Batting: RHB Eric Zylstra
|
0-0: SINGLE (Flyball, 5D, EV 89.4 MPH) Tony Cabrera to third Suzunosuke Yamaguchi to second
|
Batting: SHB Gustavo Froio
|
0-0: Called Strike 0-1: Foul Ball, location: 2F 0-2: Ball 1-2: Strikes out swinging
|
Batting: RHB Steve Hutchins
|
0-0: Foul Ball, location: 2F 0-1: Ball 1-1: Swinging Strike 1-2: Ball 2-2: Strikes out swinging
|
Bottom of the 2nd over - 0 runs, 2 hits, 1 error, 3 left on base; University of Southern California 1 - Coastal Carolina University 0 |
TOP OF THE 3RD |
University of Southern California Trojans batting - Pitching for Coastal Carolina University Chanticleers : LHP Oscar Moreno
|
Batting: RHB Arturo Galdamez
|
0-0: Swinging Strike 0-1: Foul Ball, location: 2F 0-2: Foul Ball, location: 2F 0-2: Ball 1-2: DOUBLE (Flyball, 89XD, EV 95.0 MPH)
|
Batting: LHB Miguel Espinoza
|
0-0: Called Strike 0-1: Swinging Strike Passed Ball! Arturo Galdamez to third 0-2: Foul Ball, location: 2F 0-2: Foul Ball, location: 2F 0-2: Ball 1-2: Strikes out swinging
|
Batting: LHB Alex Chairez
|
0-0: Ball 1-0: Ground out 3-1 (Groundball, 13, EV 88.8 MPH) Arturo Galdamez scores
|
Batting: LHB Vinaya Satyavrat
|
0-0: Called Strike 0-1: Ball 1-1: SINGLE (Groundball, 34D, EV 97.5 MPH)
|
Batting: RHB Luis Cruz
|
0-0: Ball 1-0: Called Strike 1-1: Fly out, F8 (Line Drive, 8RM, EV 89.4 MPH)
|
Top of the 3rd over - 1 run, 2 hits, 0 errors, 1 left on base; University of Southern California 2 - Coastal Carolina University 0 |
BOTTOM OF THE 3RD |
Coastal Carolina University Chanticleers batting - Pitching for University of Southern California Trojans : LHP Will Creelman
|
Batting: RHB Justin Dunham
|
0-0: Ball 1-0: Ball 2-0: Called Strike 2-1: Fly out, F9 (Flyball, 9LM, EV 81.9 MPH)
|
Batting: RHB Francisco Cabrera
|
0-0: Called Strike 0-1: Ball 1-1: Called Strike 1-2: Strikes out swinging
|
Batting: RHB Ed Santibanez
|
0-0: SINGLE (Groundball, 13S, EV 73.8 MPH) (infield hit)
|
Batting: RHB Tony Cabrera
|
0-0: Ball 1-0: Reached on error, E6 (Groundball, 6, EV 86.9 MPH) Ed Santibanez to second
|
Batting: SHB Suzunosuke Yamaguchi
|
0-0: Ball 1-0: Ball 2-0: Foul Ball, location: 2F 2-1: Called Strike 2-2: Ball 3-2: Base on Balls Ed Santibanez to third Tony Cabrera to second
|
Batting: RHB Tony Gastelum
|
0-0: Ball 1-0: Called Strike 1-1: Ball 2-1: Foul Ball, location: 2F 2-2: Strikes out swinging
|
Bottom of the 3rd over - 0 runs, 1 hit, 1 error, 3 left on base; University of Southern California 2 - Coastal Carolina University 0 |
TOP OF THE 4TH |
University of Southern California Trojans batting - Pitching for Coastal Carolina University Chanticleers : LHP Oscar Moreno
|
Batting: RHB Albert Zaragoza
|
0-0: Ball 1-0: Called Strike 1-1: Called Strike 1-2: Strikes out swinging passed ball, reaches first!
|
Batting: RHB Carlos Livas
|
0-0: Called Strike 0-1: Foul Ball, location: 2F 0-2: Strikes out looking
|
Batting: LHB Pablo Serrato
|
0-0: Ball 1-0: Ball 2-0: SINGLE (Groundball, 34D, EV 104.4 MPH) Albert Zaragoza to second Runner from 2nd tries for 3rd, SAFE, throw by RF made to third
|
Batting: RHB Jon Solis
|
0-0: Called Strike 0-1: Ball 1-1: Swinging Strike 1-2: Strikes out swinging
|
Batting: RHB Arturo Galdamez
|
0-0: Called Strike 0-1: Ball 1-1: Foul Ball, location: 2F 1-2: Ground out 5-3 (Groundball, 56S, EV 76.3 MPH)
|
Top of the 4th over - 0 runs, 1 hit, 0 errors, 2 left on base; University of Southern California 2 - Coastal Carolina University 0 |
BOTTOM OF THE 4TH |
Coastal Carolina University Chanticleers batting - Pitching for University of Southern California Trojans : LHP Will Creelman
|
Batting: RHB Eric Zylstra
|
0-0: Foul Ball, location: 2F 0-1: Ball 1-1: Ground out 5-3 (Groundball, 56, EV 87.5 MPH)
|
Batting: SHB Gustavo Froio
|
0-0: Ball 1-0: Ground out U3 (Groundball, 13, EV 80.0 MPH)
|
Batting: RHB Steve Hutchins
|
0-0: Fly out, F8 (Flyball, 8RM, EV 87.5 MPH)
|
Bottom of the 4th over - 0 runs, 0 hits, 0 errors, 0 left on base; University of Southern California 2 - Coastal Carolina University 0 |
TOP OF THE 5TH |
University of Southern California Trojans batting - Pitching for Coastal Carolina University Chanticleers : LHP Oscar Moreno
|
Batting: LHB Miguel Espinoza
|
0-0: SINGLE (Groundball, 4MD, EV 108.8 MPH)
|
Pitching: LHP Ivan Osornio
|
|
Batting: LHB Alex Chairez
|
0-0: Fielders Choice at 2nd, 4-6 (Groundball, 4, EV 96.3 MPH)
|
Batting: LHB Vinaya Satyavrat
|
0-0: Foul Ball, location: 2F 0-1: Swinging Strike 0-2: Ball 1-2: Strikes out looking
|
Batting: RHB Luis Cruz
|
0-0: Ball 1-0: Fielders Choice at 2nd, 5-4 (Groundball, 56, EV 103.8 MPH)
|
Top of the 5th over - 0 runs, 1 hit, 0 errors, 1 left on base; University of Southern California 2 - Coastal Carolina University 0 |
BOTTOM OF THE 5TH |
Coastal Carolina University Chanticleers batting - Pitching for University of Southern California Trojans : LHP Will Creelman
|
Batting: RHB Justin Dunham
|
0-0: Ball 1-0: Ball 2-0: Ground out 6-3 (Groundball, 6, EV 100.0 MPH)
|
Batting: RHB Francisco Cabrera
|
0-0: Foul Ball, location: 2F 0-1: Ball 1-1: Foul Ball, location: 2F 1-2: Ball 2-2: Fly out, F4 (Popup, 4M, EV 60.0 MPH)
|
Batting: RHB Ed Santibanez
|
0-0: Ball 1-0: Fly out, F8 (Flyball, 78D, EV 109.4 MPH)
|
Bottom of the 5th over - 0 runs, 0 hits, 0 errors, 0 left on base; University of Southern California 2 - Coastal Carolina University 0 |
TOP OF THE 6TH |
University of Southern California Trojans batting - Pitching for Coastal Carolina University Chanticleers : LHP Ivan Osornio
|
Batting: RHB Albert Zaragoza
|
0-0: Ground out 5-3 (Groundball, 5, EV 106.3 MPH)
|
Batting: RHB Carlos Livas
|
0-0: Ball 1-0: Ball 2-0: Foul Ball, location: 2F 2-1: TRIPLE (Line Drive, 89XD, EV 109.4 MPH)
|
Batting: LHB Pablo Serrato
|
0-0: Ball 1-0: Ball 2-0: Ball 3-0: Called Strike 3-1: Ground out 3-1 (Groundball, 34S, EV 84.4 MPH) Carlos Livas scores
|
Batting: RHB Jon Solis
|
0-0: Ball 1-0: Foul Ball, location: 2F 1-1: Ground out 1-3 (Groundball, 13, EV 74.4 MPH)
|
Top of the 6th over - 1 run, 1 hit, 0 errors, 0 left on base; University of Southern California 3 - Coastal Carolina University 0 |
BOTTOM OF THE 6TH |
Coastal Carolina University Chanticleers batting - Pitching for University of Southern California Trojans : LHP Will Creelman
|
Batting: RHB Tony Cabrera
|
0-0: Swinging Strike 0-1: Foul Ball, location: 2F 0-2: Ball 1-2: SINGLE (Groundball, 5S, EV 67.5 MPH) (infield hit)
|
Pitching: RHP Oscar Alvarado
|
|
Batting: SHB Suzunosuke Yamaguchi
|
0-0: Called Strike 0-1: Foul Ball, location: 2F 0-2: Strikes out swinging
|
Batting: RHB Tony Gastelum
|
0-0: Called Strike 0-1: Ball 1-1: Foul Ball, location: 2F Pickoff Throw to First - Out! 1-3 1-2: Strikes out swinging
|
Bottom of the 6th over - 0 runs, 1 hit, 0 errors, 0 left on base; University of Southern California 3 - Coastal Carolina University 0 |
TOP OF THE 7TH |
University of Southern California Trojans batting - Pitching for Coastal Carolina University Chanticleers : LHP Ivan Osornio
|
Pitching: RHP Matt Elliott
|
|
Batting: RHB Arturo Galdamez
|
0-0: Called Strike 0-1: Ball 1-1: Called Strike 1-2: Foul Ball, location: 2F 1-2: Foul Ball, location: 2F 1-2: Strikes out swinging
|
Batting: LHB Miguel Espinoza
|
0-0: Called Strike 0-1: Ball 1-1: Ball 2-1: Swinging Strike 2-2: Strikes out swinging
|
Batting: LHB Alex Chairez
|
0-0: Ground out 4-3 (Groundball, 4, EV 85.0 MPH)
|
Top of the 7th over - 0 runs, 0 hits, 0 errors, 0 left on base; University of Southern California 3 - Coastal Carolina University 0 |
BOTTOM OF THE 7TH |
Coastal Carolina University Chanticleers batting - Pitching for University of Southern California Trojans : RHP Oscar Alvarado
|
Batting: RHB Eric Zylstra
|
0-0: Ball 1-0: Foul Ball, location: 2F 1-1: Foul Ball, location: 2F 1-2: Strikes out looking
|
Batting: SHB Gustavo Froio
|
0-0: Ball 1-0: Ball 2-0: Ground out 4-3 (Groundball, 4S, EV 63.8 MPH)
|
Batting: RHB Steve Hutchins
|
0-0: Called Strike 0-1: Ball 1-1: Ball 2-1: Fly out, F8 (Flyball, 8RD, EV 95.6 MPH)
|
Bottom of the 7th over - 0 runs, 0 hits, 0 errors, 0 left on base; University of Southern California 3 - Coastal Carolina University 0 |
TOP OF THE 8TH |
University of Southern California Trojans batting - Pitching for Coastal Carolina University Chanticleers : RHP Matt Elliott
|
Batting: LHB Vinaya Satyavrat
|
0-0: Called Strike 0-1: Ball 1-1: Swinging Strike 1-2: Strikes out looking
|
Batting: RHB Luis Cruz
|
0-0: Ground out 6-3 (Groundball, 6, EV 96.3 MPH)
|
Batting: RHB Albert Zaragoza
|
0-0: Called Strike 0-1: Ball 1-1: Foul Ball, location: 2F 1-2: Hit by Pitch
|
Batting: RHB Carlos Livas
|
0-0: Called Strike 0-1: Called Strike 0-2: SINGLE (Groundball, 5S, EV 65.6 MPH) (infield hit) Albert Zaragoza to second
|
Batting: LHB Pablo Serrato
|
0-0: Foul Ball, location: 2F 0-1: Swinging Strike 0-2: Foul Ball, location: 2F 0-2: DOUBLE (Groundball, 5L, EV 106.9 MPH) Albert Zaragoza scores Carlos Livas to third
|
Batting: RHB Jon Solis
|
0-0: Called Strike 0-1: Fly out, F6 (Popup, 4MD, EV 67.5 MPH)
|
Top of the 8th over - 1 run, 2 hits, 0 errors, 2 left on base; University of Southern California 4 - Coastal Carolina University 0 |
BOTTOM OF THE 8TH |
Coastal Carolina University Chanticleers batting - Pitching for University of Southern California Trojans : RHP Oscar Alvarado
|
Pitching: LHP Logan Stewart
|
|
Batting: RHB Justin Dunham
|
0-0: Called Strike 0-1: Ball 1-1: Ball 2-1: Ball 3-1: Base on Balls
|
Batting: RHB Francisco Cabrera
|
0-0: Foul Ball, location: 2F 0-1: Foul Ball, location: 2F 0-2: Foul Ball, location: 2F 0-2: SINGLE (Line Drive, 89S, EV 102.5 MPH) Justin Dunham to second
|
Batting: RHB Ed Santibanez
|
0-0: Swinging Strike 0-1: Ball 1-1: Foul Ball, location: 2F 1-2: Fly out, F6 (Popup, 15S, EV 87.5 MPH)
|
Batting: RHB Tony Cabrera
|
0-0: Called Strike 0-1: Swinging Strike 0-2: Ball 1-2: Foul Ball, location: 2F 1-2: DOUBLE (Flyball, 8LD, EV 96.9 MPH) Justin Dunham scores Francisco Cabrera to third Runner from 3rd tries for Home, SAFE, throw by CF to trailing runner, SAFE at third!
|
Batting: SHB Suzunosuke Yamaguchi
|
0-0: Ball 1-0: Called Strike 1-1: SINGLE (Groundball, 56D, EV 96.3 MPH) Tony Cabrera scores
|
Pitching: RHP Chris Worster
|
|
Batting: RHB Tony Gastelum
|
0-0: Ball 1-0: SINGLE (Line Drive, 8LS, EV 93.1 MPH) Suzunosuke Yamaguchi to second Runner from 2nd tries for 3rd, SAFE, no throw by CF
|
Batting: RHB Eric Zylstra
|
0-0: Ball 1-0: Ground out 3-1 (Groundball, 34S, EV 78.8 MPH) Tony Gastelum to second
|
Batting: SHB Gustavo Froio
|
0-0: Ball 1-0: Ball 2-0: Ball 3-0: Called Strike 3-1: Called Strike 3-2: Fly out, F8 (Flyball, 8LD, EV 100.0 MPH)
|
Bottom of the 8th over - 3 runs, 4 hits, 0 errors, 2 left on base; University of Southern California 4 - Coastal Carolina University 3 |
TOP OF THE 9TH |
University of Southern California Trojans batting - Pitching for Coastal Carolina University Chanticleers : RHP Matt Elliott
|
Pitching: LHP Manny Santiago
|
|
Batting: RHB Arturo Galdamez
|
0-0: Ball 1-0: Called Strike 1-1: Called Strike 1-2: Foul Ball, location: 2F 1-2: SINGLE (Line Drive, 8LM, EV 102.5 MPH)
|
Batting: RHB Jimmy McIntosh
|
0-0: Called Strike 0-1: SINGLE (Flyball, 34D, EV 90.6 MPH) Arturo Galdamez to second
|
Batting: LHB Alex Chairez
|
0-0: Bunt missed! 0-1: Bunt missed! 0-2: TRIPLE (Flyball, 89XD, EV 108.8 MPH) Arturo Galdamez scores Jimmy McIntosh scores
|
Pinch Hitting: LHB Armando Arellano
|
0-0: Ball 1-0: Ball 2-0: Swinging Strike 2-1: Ball 3-1: SINGLE (Groundball, 25, EV 69.4 MPH) (infield hit)
|
Batting: RHB Luis Cruz
|
0-0: Ball 1-0: Ball 2-0: Called Strike 2-1: Fly out, F8 (Line Drive, 8LM, EV 86.3 MPH) Runner from 3rd tags up, SCORES, no throw by CF
|
Pitching: LHP Jim Unknown
|
|
Batting: RHB Albert Zaragoza
|
0-0: Called Strike 0-1: Fly out, F8 (Line Drive, 8LM, EV 98.1 MPH)
|
Batting: RHB Carlos Livas
|
0-0: Ball 1-0: Ball 2-0: Ball 3-0: Base on Balls Armando Arellano to second
|
Batting: LHB Pablo Serrato
|
0-0: Called Strike 0-1: Ground out 6-3 (Groundball, 6S, EV 75.6 MPH)
|
Top of the 9th over - 3 runs, 4 hits, 0 errors, 2 left on base; University of Southern California 7 - Coastal Carolina University 3 |
BOTTOM OF THE 9TH |
Coastal Carolina University Chanticleers batting - Pitching for University of Southern California Trojans : RHP Chris Worster
|
Pitching: RHP Dave Vandehey
|
|
Now at 3B: Rodrigo Mendoza
|
|
Batting: RHB Steve Hutchins
|
0-0: Ball 1-0: Ball 2-0: DOUBLE (Groundball, 5L, EV 101.3 MPH)
|
Batting: RHB Justin Dunham
|
0-0: Ball 1-0: Ball 2-0: Ball 3-0: Called Strike 3-1: Foul Ball, location: 2F 3-2: Base on Balls
|
Batting: RHB Francisco Cabrera
|
0-0: Called Strike 0-1: Ball 1-1: Called Strike 1-2: DOUBLE (Line Drive, 89M, EV 93.1 MPH) Steve Hutchins scores Justin Dunham to third
|
Batting: RHB Ed Santibanez
|
0-0: Ball 1-0: Ground out 6-3 (Groundball, 6, EV 83.1 MPH) Justin Dunham scores
|
Batting: RHB Tony Cabrera
|
0-0: Foul Ball, location: 2F 0-1: Ball 1-1: Swinging Strike 1-2: Strikes out swinging
|
Batting: SHB Suzunosuke Yamaguchi
|
0-0: Called Strike 0-1: Foul Ball, location: 2F 0-2: Ball 1-2: Ground out 4-3 (Groundball, 4, EV 91.9 MPH)
|
Bottom of the 9th over - 2 runs, 2 hits, 0 errors, 1 left on base; University of Southern California 7 - Coastal Carolina University 5 |
|